 Dungeon Crawl Stone Soup version 0.20.1-1-g8b1a95d (webtiles) character file.

40 Lafeu the Magician (level 3, -7/26 HPs)
             Began as a Draconian Wizard on Oct 26, 2017.
             Mangled by Terence
             ... wielding a +0 falchion of electrocution
              (8 damage)
             ... on level 2 of the Dungeon.
             The game lasted 00:11:36 (1747 turns).

Lafeu the Magician (Draconian Wizard)               Turns: 1747, Time: 00:11:38

Health: -7/26      AC:  5    Str:  9    XL:     3   Next: 30%
Magic:  0/8        EV: 12    Int: 19    God:
Gold:   140        SH:  0    Dex:  9    Spells: 2/9 levels left

rFire    . . .     SeeInvis .     - Unarmed
rCold    . . .     Gourm    .   (no shield)
rNeg     . . .     Faith    .   (armour unavailable)
rPois    .         Spirit   +   a - +0 hat
rElec    .         Reflect  .   (no cloak)
rCorr    .         Harm     .   (no gloves)
MR       .....                  (no boots)
Stlth    ++........             j - amulet of guardian spirit
Regen    0.1/turn               (no ring)
MPRegen  0.2/turn               (no ring)

@: no status effects
A: unfitting armour, cold-blooded, AC +5
a: no special abilities


You were on level 2 of the Dungeon.
You were not hungry.

You visited 1 branch of the dungeon, and saw 2 of its levels.

You collected 140 gold pieces.

Inventory:

Armour
 a - a +0 hat (worn)
Jewellery
 j - an amulet of guardian spirit (around neck)
Scrolls
 e - 2 scrolls of teleportation
 f - 2 scrolls of identify
Potions
 d - a potion of curing
 i - a potion of heal wounds {unknown}
Books
 b - a book of Minor Magic

   Spells                             Type                      Level
   a - Magic Dart                     Conjuration                  1
   b - Blink                          Translocation                2
   c - Call Imp                       Summoning                    2
   d - Slow                           Hexes                        2
   e - Conjure Flame                  Conjuration/Fire             3
   f - Mephitic Cloud                 Conjuration/Poison/Air       3
Comestibles
 c - 3 bread rations
 g - 7 fruits


   Skills:
 + Level 0.2 Fighting
 + Level 1.9 Dodging
 + Level 2.0 Stealth
 + Level 1.0 Unarmed Combat
 + Level 3.7 Spellcasting
 + Level 1.1 Conjurations
 + Level 1.2 Summonings
 + Level 1.0 Translocations


You had 2 spell levels left.
You knew the following spells:

 Your Spells              Type           Power        Failure   Level  Hunger
a - Magic Dart            Conj           #...         9%          1    None
b - Call Imp              Summ           #.......     13%         2    ##.....
c - Blink                 Tloc           N/A          14%         2    ##.....
d - Slow                  Hex            #.......     22%         2    ##.....


Dungeon Overview and Level Annotations

Branches:
Dungeon (2/15)

Altars:
Okawaru

Annotations:
D:2 Terence


Innate Abilities, Weirdness & Mutations

Your plain brown scales are hard. (AC +5)
You cannot fit into any form of body armour.
You are cold-blooded and may be slowed by cold attacks.


Message History

You hit the ooze.
You tail-slap the ooze, but do no damage.
The ooze is heavily wounded.
Terence closely misses you. The ooze hits you.
You hit the ooze.
The ooze is almost dead.
Terence hits you with a falchion of electrocution.
You are electrocuted!
The ooze misses you.
You barely miss the ooze.
The ooze is almost dead.
Terence hits you with a falchion of electrocution!
* * * LOW HITPOINT WARNING * * *
The ooze closely misses you.
You hit the ooze.
You kill the ooze!
Your Unarmed Combat skill increases to level 1!
Terence hits you with a falchion of electrocution.
* * * LOW HITPOINT WARNING * * *
You are electrocuted!
You die...

.......@....... ............
.# ........... .###
..........# .$. ..
..#....†..###.####..
.................... .
....................
..........(@........ .#...#
............@....... .#...#.
................#####......#
.........#......##.........##
....#....#...................
#...#....#..†....#...........
#.. ##......#.##.#...........
#. ........#............<...
..............#...#......
....#####.....#...#......


You could see Terence.

Vanquished Creatures
  An adder (D:2)
  An ooze (D:2)
  A dart slug (D:1)
  A leopard gecko (D:1)
  A giant cockroach (D:2)
  2 goblins (D:1)
  2 hobgoblins
  3 jackals (D:1)
  2 kobolds
  A ball python (D:2)
  2 bats (D:1)
  2 frilled lizards (D:2)
19 creatures vanquished.

Vanquished Creatures (collateral kills)
  A bat (D:1)
  A goblin (D:1)
  A hobgoblin (D:2)
  2 kobolds (D:1)
5 creatures vanquished.

Grand Total: 24 creatures vanquished

Notes
Turn   | Place    | Note
-------+----------+-------------------------------------------
     0 | D:1      | Lafeu the Draconian Wizard began the quest for the Orb.
     0 | D:1      | Reached XP level 1. HP: 14/14 MP: 4/4
   169 | D:1      | Reached XP level 2. HP: 12/20 MP: 1/6
   363 | D:1      | Learned a level 2 spell: Call Imp
   406 | D:1      | Learned a level 2 spell: Blink
   409 | D:1      | Learned a level 2 spell: Slow
  1483 | D:2      | Found an iron altar of Okawaru.
  1685 | D:2      | Reached XP level 3. HP: 26/26 MP: 0/8
  1734 | D:2      | Noticed Terence
  1747 | D:2      | Reached skill level 1 in Unarmed Combat
  1747 | D:2      | HP: 1/26 [Terence/falchion of electrocution (2)]
  1747 | D:2      | Mangled by Terence

Skill      XL: |  1  2  3 |
---------------+----------+-----
Stealth        | 2 |  2.0
Unarmed Combat | 1 |  1.0
Fighting       | |  0.2
Dodging        | |  1.9
Spellcasting   | |  3.7
Conjurations   | |  1.1
Summonings     | |  1.2
Translocations | |  1.0

Action                   || total
-------------------------++-------
Melee: Unarmed           ||    81
       Tailslap          ||     8
       Punch             ||     1
 Cast: Magic Dart        ||    37
       Call Imp          ||     7
  Use: Scroll            ||     3
  Eat: Chunk             ||     2
       Fruit             ||     1
Armor: Skin              ||    29
Dodge: Dodged            ||    60
